 Dungeon Crawl Stone Soup version bcrawl-1.21.2-1-g32d02e0829 (webtiles) character file.

Game seed: 4001002793820002798

357 Revguard the Covered (level 6, -4/51 HPs)
             Began as a Hill Orc Archaeologist on Feb 25, 2020.
             Slain by a bullfrog (9 damage)
             ... on level 4 of the Dungeon.
             The game lasted 00:09:33 (3774 turns).

Revguard the Covered (Hill Orc Archaeologist)       Turns: 3774, Time: 00:09:34

Health: -4/51      AC:  9    Str: 14    XL:     6   Next: 64%
Magic:  6/6        EV: 13    Int: 16    God:
Gold:   179        SH:  6    Dex: 13    Spells: 5/5 levels left

rFire    . . .     SeeInvis .   q - +0 rapier
rCold    . . .     Gourm    .   f - +2 buckler of Compression {-Cast Int+2 Dex+2}
rNeg     . . .     Faith    .   i - +3 leather armour
rPois    .         Spirit   .   c - +1 hat
rElec    .         Reflect  .   (no cloak)
rCorr    .         Harm     .   (no gloves)
MR       .....     NoCast   +   d - +1 pair of boots
Stlth    ++........             (no amulet)
HPRegen  0.17/turn              (no ring)
MPRegen  0.10/turn              (no ring)

@: no status effects
A: no striking features
a: no special abilities


You were on level 4 of the Dungeon.
You were not hungry.

You visited 1 branch of the dungeon, and saw 4 of its levels.

You collected 179 gold pieces.

Inventory:

Hand Weapons
 a - a +0 whip
 q - a +0 rapier (weapon)
Missiles
 s - 42 javelins (quivered)
Armour
 b - a +1 robe
 c - a +1 hat (worn)
 d - a +1 pair of boots (worn)
 f - the +2 buckler of Compression (worn) {-Cast Int+2 Dex+2}
   (You acquired it on level 3 of the Dungeon)

   It affects your intelligence (+2).
   It affects your dexterity (+2).
   It prevents spellcasting.
 i - a +3 leather armour (worn)
Jewellery
 t - an uncursed ring of protection from cold
 u - an uncursed ring of magical power
Scrolls
 g - 2 scrolls of magic mapping
 h - 2 scrolls of amnesia {unknown}
 j - 5 scrolls of remove curse {unknown}
 k - 3 scrolls of teleportation
 p - 2 scrolls of immolation {unknown}
Potions
 o - a potion of brilliance
Comestibles
 e - 8 rations {!d}
 l - 3 chunks of flesh


   Skills:
 * Level 3.1 Fighting
   Level 3.1 Short Blades
   Level 3.1 Long Blades
   Level 3.1 Axes
   Level 3.1 Maces & Flails
   Level 3.1 Polearms
   Level 3.1 Staves
 + Level 0.5 Throwing
 * Level 4.0 Armour
 + Level 3.6 Dodging
 - Level 2.6 Stealth
 * Level 1.9 Shields
   Level 3.1 Unarmed Combat


You had 5 spell levels left.
You didn't know any spells.
Your spell library was empty.

Dungeon Overview and Level Annotations

Branches:
Dungeon (4/12)
 Temple: D:4-7

Altars:
Fedhas

Annotations:
D:3 Grinder


Message History

Okay, then.
You barely miss the bullfrog.
The bullfrog is moderately wounded.
The bullfrog hits you!
* * * LOW HITPOINT WARNING * * *
You hit the bullfrog.
The bullfrog is moderately wounded.
The bullfrog hits you.
* * * LOW HITPOINT WARNING * * *
The bullfrog misses you.
You hit the bullfrog.
The bullfrog is heavily wounded.
The bullfrog barely misses you.
You puncture the bullfrog!
The bullfrog is almost dead.
You block the bullfrog's attack. The bullfrog closely misses you.
You closely miss the bullfrog.
The bullfrog is almost dead.
You block the bullfrog's attack. The bullfrog hits you!
You die...

...# #.....#...########
...###.....#...#......#
....##.)...#...#......#
#.†.##.....#...#......#
#...##.....#...#......##
.....).....+..a........#
..####.....#...#.......#
#.# #.....#...#######.#
#..# ###......aF@.......
##.# #.#############.#
#.# ... ##.#


You could see a bullfrog and a worker ant.

Vanquished Creatures
  A scorpion (D:4)
  Jessica (D:3)
  A gnoll shaman (D:4)
  Natasha (thrice) (D:3)
  A worker ant (D:4)
  3 gnolls (D:4)
  2 adders (D:3)
  2 oozes (D:2)
  9 worms
  4 dart slugs
  2 leopard geckos
  7 orcs (D:3)
  2 ball pythons (D:1)
  9 bats
  2 giant cockroaches
  A goblin (D:1)
  6 hobgoblins
  3 jackals (D:2)
  7 kobolds
  2 quokkas
  2 frilled lizards (D:1)
  3 rats
73 creatures vanquished.

Notes
Turn   | Place    | Note
-------+----------+-------------------------------------------
     0 | D:1      | Revguard the Hill Orc Archaeologist began the quest for the
                  | Orb.
     0 | D:1      | Reached XP level 1. HP: 16/16 MP: 1/1
   239 | D:1      | Reached XP level 2. HP: 23/24 MP: 2/2
   427 | D:1      | Reached skill level 1 in Armour
   827 | D:1      | Reached XP level 3. HP: 18/29 MP: 3/3
  1467 | D:2      | Reached skill level 2 in Armour
  1531 | D:2      | Found a blossoming altar of Fedhas.
  1549 | D:2      | Reached XP level 4. HP: 36/36 MP: 4/4
  1912 | D:3      | Noticed Jessica
  1957 | D:3      | Killed Jessica
  1957 | D:3      | Reached XP level 5. HP: 12/42 MP: 5/5
  1957 | D:3      | Identified a scroll of acquirement
  1964 | D:3      | Identified the +2 buckler of Compression {-Cast Int+2
                  | Dex+2} (You acquired it on level 3 of the Dungeon)
  2235 | D:3      | Reached skill level 3 in Armour
  2275 | D:3      | Noticed Natasha
  2291 | D:3      | Killed Natasha
  2592 | D:3      | Noticed Natasha
  2609 | D:3      | Killed Natasha
  2717 | D:3      | Noticed Natasha
  2777 | D:3      | Killed Natasha
  2777 | D:3      | Reached XP level 6. HP: 8/50 MP: 6/6
  3030 | D:3      | Reached skill level 1 in Shields
  3100 | D:3      | Noticed Grinder
  3100 | D:3      | Paralysed by Grinder for 2 turns
  3115 | D:3      | Paralysed by Grinder for 4 turns
  3120 | D:3      | Paralysed by Grinder for 4 turns
  3603 | D:4      | Reached skill level 4 in Armour
  3774 | D:4      | Slain by a bullfrog

Skill      XL: |  1  2  3  4  5  6 |
---------------+-------------------+-----
Armour         | 1 2 3 4 |  4.0
Fighting       | 2 3 |  3.1
Dodging        | 3 |  3.6
Shields        | 1 |  1.9
Short Blades   | |  3.1
Long Blades    | |  3.1
Axes           | |  3.1
Maces & Flails | |  3.1
Polearms       | |  3.1
Staves         | |  3.1
Throwing       | |  0.5
Stealth        | |  2.6
Unarmed Combat | |  3.1

Action                   |  1- 3 |  4- 6 || total
-------------------------+-------+-------++-------
Melee: Whip              |   163 |     4 ||   167
       Punch             |     1 |     2 ||     3
       Rapier            |       |   234 ||   234
Throw: Javelin           |       |    13 ||    13
  Use: Potion            |       |     6 ||     6
       Scroll            |       |     3 ||     3
 Stab: Distracted        |       |     1 ||     1
       Sleeping          |       |     1 ||     1
  Eat: Chunk             |     2 |     8 ||    10
Armor: Robe              |     3 |       ||     3
       Leather armour    |    65 |    90 ||   155
Dodge: Dodged            |   100 |   166 ||   266
Block: Buckler           |       |    63 ||    63
